 Dungeon Crawl Stone Soup version 0.30-a0-940-ge5077277c9 (webtiles) character file.

Game seed: 18325622691468318736

51062 Grim the Severer (level 14, 0/121 HPs)
             Began as a Minotaur Berserker on Mar 26, 2023.
             Was a High Priest of Trog.
             Slain by an ice beast (1 damage)
             ... summoned by an ice statue
             ... in an ice cave.
             The game lasted 00:40:16 (20968 turns).

Grim the Severer (Minotaur Berserker)              Turns: 20968, Time: 00:40:17

Health: 0/121      AC: 21    Str: 27    XL:     14   Next: 22%
Magic:  13/13      EV: 14    Int:  6    God:    Trog [*****.]
Gold:   910        SH:  0    Dex: 10    Spells: 13/13 levels left

rFire   + + .      SeeInvis .    a - +6 battleaxe
rCold   . . .      Faith    +    (shield currently unavailable)
rNeg    . . .      Spirit   .    Z - +1 fire dragon scales "Cyera" {rPois rF++ rC- Int+2}
rPois   +          Reflect  .    P - +2 hat
rElec   .          Rampage  .    Q - +0 cloak
rCorr   +                        O - +2 pair of gloves
Will    +....                    (no boots) Stlth
                                 S - amulet of faith
HPRegen 0.40/turn                y - ring of protection from cold
MPRegen 0.13/turn                t - ring of resist corrosion

@: no status effects
A: horns 2, retaliatory headbutt, frail 1
a: Renounce Religion, Berserk, Trog's Hand, Brothers in Arms


You were in an ice cave.
You worshipped Trog.
Trog was extremely pleased with you.
You visited 2 branches of the dungeon, and saw 17 of its levels.
You also visited: Ossuary and Ice Cave.

You collected 1174 gold pieces.
You spent 264 gold pieces at shops.

Inventory:

Hand Weapons
 a - a +6 battleaxe (weapon)
 b - a +1 scimitar of flaming
 c - a +5 sling of draining
 T - a +1 antimagic executioner's axe
Armour
 O - a +2 pair of gloves (worn)
 P - a +2 hat (worn)
 Q - a +0 cloak (worn)
 Z - the +1 fire dragon scales "Cyera" (worn) {rPois rF++ rC- Int+2}
   (You took it off an orc knight on level 10 of the Dungeon)

   Int:       It affects your intelligence (+2).
   rF:        It greatly protects you from fire.
   rC:        It makes you vulnerable to cold.
   rPois:     It protects you from poison.
Jewellery
 t - a ring of resist corrosion (right hand)
 v - a +5 ring of evasion
 y - a ring of protection from cold (left hand)
 H - a ring of positive energy
 I - a ring of flight
 M - an amulet of guardian spirit
 N - the ring of the Priest {Fire Str+5}
   (You found it on level 8 of the Dungeon)

   [ring of fire]

   It enhances your fire magic.
   Str:       It affects your strength (+5).
   rF:        It protects you from fire.
   rC:        It makes you vulnerable to cold.
 S - an amulet of faith (around neck)
Wands
 G - a wand of flame (39)
 J - a wand of charming (10)
 V - a wand of mindburst (8)
Scrolls
 d - 5 scrolls of fog
 e - 4 scrolls of poison
 f - a scroll of magic mapping
 h - 5 scrolls of immolation {unknown}
 j - 2 scrolls of amnesia {unknown}
 l - 4 scrolls of noise {unknown}
 o - 3 scrolls of vulnerability {unknown}
 u - 2 scrolls of fear
 w - 5 scrolls of enchant armour
 z - 2 scrolls of summoning {unknown}
 C - a scroll of blinking {unknown}
 D - a scroll of identify
 E - a scroll of torment {unknown}
 F - 7 scrolls of teleportation
 K - a scroll of acquirement {unknown}
 W - a scroll of enchant weapon {unknown}
 Y - a scroll of silence {unknown}
Potions
 g - 3 potions of flight
 i - 3 potions of attraction
 k - 4 potions of heal wounds
 m - 5 potions of degeneration {!q}
 n - 6 potions of might
 p - 3 potions of berserk rage {unknown}
 q - 3 potions of curing
 r - a potion of resistance {unknown}
 s - 2 potions of invisibility
 x - 3 potions of lignification
 A - a potion of haste
 B - 2 potions of magic {unknown}


   Skills:
 - Level 15.0 Fighting
 + Level 18.2 Axes
 - Level 14.6 Armour
 + Level 11.6 Dodging


You had 13 spell levels left.
You didn't know any spells.
Your spell library was empty.

Dungeon Overview and Level Annotations

Branches:
Dungeon (15/15)            Temple (0/1) D:4            Lair (0/5) D:8
    Orc (2/2) D:11            Elf (0/3) Orc:2        Vaults (0/5) D:14
 Depths (0/4) D:15        Ossuary (visited)           IceCv (1/1)

Altars:
Ashenzari
Fedhas
Gozag
Hepliaklqana
Nemelex Xobeh
Okawaru
Sif Muna
Trog
Vehumet
Zin

Shops:
D:2 ?![=   D:13 =   Orc:2 !:*!

Annotations:
D:9 4 runed translucent doors IceCv exclusion: ice statue


Innate Abilities, Weirdness & Mutations

You have a pair of horns on your head.
You reflexively headbutt those who attack you in melee.
You are frail. (-10% HP)


Message History

The freezing blast engulfs you!!
You are engulfed in freezing vapours.
The ice statue gestures at you. The shard of ice misses you.
The ice statue gestures at you. The shard of ice hits you!!
The ice statue gestures.
The ice statue gestures at you. The freezing blast engulfs you.
* * * LOW HITPOINT WARNING * * *
You are engulfed in freezing vapours.
The ice statue gestures.
You slice the ice statue!!
The ice statue is heavily damaged.
You slash the ice beast!
You are engulfed in freezing vapours.
* * * LOW HITPOINT WARNING * * *
The ice statue gestures.
The ice statue gestures at you. The bolt of cold hits you!
* * * LOW HITPOINT WARNING * * *
You slash the ice statue!
The ice statue is severely damaged.
You slice the ice beast!!
You kill the ice beast!
The ice beast disappears in a puff of smoke!
You are engulfed in freezing vapours.
* * * LOW HITPOINT WARNING * * *
You slash the ice statue!
The ice statue is severely damaged.
You slash the ice beast!
You are engulfed in freezing vapours.
* * * LOW HITPOINT WARNING * * *
The ice statue gestures at you. The bolt of cold hits you!!
* * * LOW HITPOINT WARNING * * *
The ice statue gestures.
You slash the ice statue!
You destroy the ice statue!
Trog accepts your kill.
You slash the ice beast!
You are engulfed in freezing vapours.
* * * LOW HITPOINT WARNING * * *
The ice beast hits you.
You die...

### ############# ..##
##.....#.....## .
...###......#......## ..
....#.....°.#.......#...
.∩..................8..
....#......☼#.......#.
...###......#°..Y.Y##
..## ##....(#.°.@.## ###
#############


You could see an ice statue and 2 ice beasts.

Vanquished Creatures
  Frances (D:12)
  An ironbound preserver (D:13)
  An orc warlord (Orc:1)
  A very ugly thing (D:15)
  Azrael (D:14)
  6 centaur warriors
  A hydra (D:14)
  2 boulder beetles (D:10)
  3 two-headed ogres
  A tengu warrior (D:14)
  4 skeletal warriors (D:15)
  A glowing orange brain (D:15)
  3 deep elf pyromancers
  3 orc knights
  Pikel (D:6)
  An orc sorcerer (Orc:2)
  An oklob plant (D:11)
  16 ugly things
  4 manticores
  A cyclops (shapeshifter) (D:15)
  9 cyclopes
  2 ice statues (IceCv)
  A gargoyle (D:12)
  2 kobold demonologists
  A yaktaur (shapeshifter) (D:15)
  3 unseen horrors
  2 freezing wraiths
  11 trolls
  A tarantella (shapeshifter) (D:15)
  A polar bear (shapeshifter) (D:10)
  2 shadows (D:10)
  5 wyverns
  4 slime creatures
  A wraith (D:10)
  9 yaks
  An unseen horror simulacrum (D:10)
  A basilisk (D:15)
  A steam dragon (D:10)
  A fire elemental (D:14)
  3 death yak simulacra (IceCv)
  17 vampire mosquitoes
  3 acid dragons
  3 wargs
  3 water moccasins
  4 hell hounds
  An ice beast (D:7)
  4 black bears
  16 orc warriors
  6 ogres
  2 boggarts (D:10)
  14 centaurs
  3 lemures (D:6)
  A phantom (D:6)
  A gnoll sergeant (D:10)
  4 kobold brigands
  3 bullfrogs
  2 scorpions
  5 wights
  A hornet simulacrum (D:14)
  16 killer bees
  An elephant simulacrum (IceCv)
  2 electric eels
  8 howler monkeys
  5 centaur zombies (Ossuary)
  3 hounds
  7 orc priests
  A sleepcap (D:5)
  2 iguanas
  16 orc wizards
  A polar bear simulacrum (IceCv)
  5 mummies (Ossuary)
  7 adders
  A shadow imp (D:6)
  3 white imps
  2 ufetubi
  4 dart slugs
  89 orcs
  6 ball pythons
  4 bats
  5 endoplasms
  7 giant cockroaches
  6 goblins
  7 hobgoblins
  5 jackals (D:3)
  36 kobolds
  2 frilled lizards
  2 hobgoblin zombies (Ossuary)
  3 rats
463 creatures vanquished.

Vanquished Creatures (collateral kills)
  A wyvern (D:8)
  5 yaks (D:8)
  A scorpion (D:8)
  A gnoll bouda (D:8)
  3 gnolls (D:8)
11 creatures vanquished.

Vanquished Creatures (others)
  A wraith (D:10)
  An orc wizard (Orc:1)
  26 fungi
  120 plants
148 creatures vanquished.

Grand Total: 622 creatures vanquished

Notes
Turn   | Place    | Note
-------+----------+-------------------------------------------
     0 | D:1      | Grim the Minotaur Berserker began the quest for the Orb.
     0 | D:1      | Reached XP level 1. HP: 19/19 MP: 0/0
   106 | D:1      | Reached skill level 4 in Axes
   218 | D:1      | Reached XP level 2. HP: 26/26 MP: 1/1
   524 | D:1      | Reached skill level 5 in Axes
   531 | D:1      | Found a faded altar of an unknown god.
   704 | D:1      | Reached XP level 3. HP: 29/31 MP: 2/2
   909 | D:2      | Found Purphaon's Distillery.
   918 | D:2      | Reached ** piety under Trog
   997 | D:2      | Found Eganlun's Magic Scroll Boutique.
  1295 | D:2      | Found Isik Ree's Armour Shop.
  1438 | D:2      | Found Ysogrutz's One-of-a-Kind Rings.
  1548 | D:3      | Reached XP level 4. HP: 37/39 MP: 3/3
  1566 | D:3      | Found a broken altar of Ashenzari.
  1679 | D:3      | Reached skill level 6 in Axes
  1754 | D:3      | Found a glowing silver altar of Zin.
  2120 | D:3      | Reached skill level 7 in Axes
  2120 | D:3      | Reached XP level 5. HP: 45/45 MP: 4/4
  2234 | D:4      | Found a staircase to the Ecumenical Temple.
  2238 | D:4      | Noticed a black bear
  2256 | D:4      | Killed a black bear
  2257 | D:4      | Reached skill level 8 in Axes
  2259 | D:4      | Reached XP level 6. HP: 38/51 MP: 5/5
  2260 | D:4      | Reached *** piety under Trog
  2545 | D:4      | Reached skill level 9 in Axes
  2585 | D:4      | Found a bloodstained altar of Trog.
  2699 | D:4      | Reached XP level 7. HP: 53/57 MP: 6/6
  2711 | D:4      | Reached **** piety under Trog
  2904 | D:4      | Reached skill level 10 in Axes
  3087 | D:4      | Found a sparkling altar of Nemelex Xobeh.
  3288 | D:5      | Entered Level 5 of the Dungeon
  3288 | D:5      | Found a sand-covered staircase.
  3299 | Ossuary  | Entered an ossuary
  3463 | Ossuary  | Reached skill level 11 in Axes
  3650 | D:5      | Reached XP level 8. HP: 61/64 MP: 7/7
  3715 | D:5      | Reached skill level 12 in Axes
  3781 | D:5      | Found Zureol's Weapon Shop.
  4184 | D:5      | Found a hazy altar of Hepliaklqana.
  4861 | D:6      | Found a runed translucent door.
  4884 | D:6      | Noticed Pikel
  4919 | D:6      | Killed Pikel
  4920 | D:6      | Reached skill level 13 in Axes
  5120 | D:6      | Reached skill level 14 in Axes
  5514 | D:6      | Reached XP level 9. HP: 51/71 MP: 8/8
  5697 | D:6      | Reached skill level 5 in Fighting
  5813 | D:7      | Reached skill level 5 in Armour
  5988 | D:7      | Found an opulent altar of Gozag.
  6786 | D:8      | Reached XP level 10. HP: 89/89 MP: 9/9
  6787 | D:8      | Found a staircase to the Lair.
  7098 | D:8      | Identified the ring of the Priest {Fire Str+5}
  7616 | D:9      | Found a huge runed translucent gate.
  7616 | D:9      | Noticed a death yak
  7650 | D:9      | Reached ***** piety under Trog
  7699 | D:9      | Reached skill level 10 in Fighting
  7928 | D:9      | Reached skill level 10 in Armour
  8192 | D:9      | Gained mutation: Your magical capacity is low. (-10% MP)
                  | [potion of mutation]
  8193 | D:9      | Lost mutation: Your magical capacity is low. (-10% MP)
                  | [potion of mutation]
  8193 | D:9      | Gained mutation: You are partially covered in iridescent
                  | scales. (AC +2) [potion of mutation]
  8193 | D:9      | Gained mutation: Your flesh is cold resistant. (rC+)
                  | [potion of mutation]
  8193 | D:9      | Gained mutation: You have hidden genetic defects. [potion
                  | of mutation]
  8194 | D:9      | Lost mutation: Your flesh is cold resistant. (rC+) [potion
                  | of mutation]
  8194 | D:9      | Lost mutation: You are partially covered in iridescent
                  | scales. (AC +2) [potion of mutation]
  8194 | D:9      | Gained mutation: You occasionally shout uncontrollably at
                  | your foes. [potion of mutation]
  8194 | D:9      | Gained mutation: Your mind is acute. (Int +4, Str/Dex -1)
                  | [potion of mutation]
  8194 | D:9      | Gained mutation: You occasionally lose the ability to read
                  | scrolls when taking damage. [potion of mutation]
  8194 | D:9      | Gained mutation: Your spells are a little harder to cast,
                  | but a little more powerful. [potion of mutation]
  8423 | D:9      | Found a radiant altar of Vehumet.
  8625 | D:9      | Found a huge runed translucent gate.
  8626 | D:9      | Found a huge runed translucent gate.
  8627 | D:9      | Found a huge runed translucent gate.
  8628 | D:9      | Noticed a manticore
  9008 | D:2      | Bought a potion of mutation for 88 gold pieces
  9008 | D:2      | Lost mutation: Your spells are a little harder to cast, but
                  | a little more powerful. [potion of mutation]
  9008 | D:2      | Lost mutation: You occasionally lose the ability to read
                  | scrolls when taking damage. [potion of mutation]
  9008 | D:2      | Lost mutation: You have hidden genetic defects. [potion of
                  | mutation]
  9008 | D:2      | Gained mutation: You are partially covered in iridescent
                  | scales. (AC +2) [potion of mutation]
  9008 | D:2      | Gained mutation: You passively dampen the noise of your
                  | surroundings. [potion of mutation]
  9009 | D:2      | Bought 2 potions of mutation for 176 gold pieces
  9009 | D:2      | Lost mutation: You passively dampen the noise of your
                  | surroundings. [potion of mutation]
  9009 | D:2      | Lost mutation: Your mind is acute. (Int +4, Str/Dex -1)
                  | [potion of mutation]
  9009 | D:2      | Lost mutation: You occasionally shout uncontrollably at
                  | your foes. [potion of mutation]
  9009 | D:2      | Gained mutation: You are strong-willed. (Will+) [potion of
                  | mutation]
  9009 | D:2      | Lost mutation: You are strong-willed. (Will+) [potion of
                  | mutation]
  9009 | D:2      | Gained mutation: Armour fits poorly on your strangely
                  | shaped body. [potion of mutation]
  9010 | D:2      | Lost mutation: You are partially covered in iridescent
                  | scales. (AC +2) [potion of mutation]
  9010 | D:2      | Lost mutation: Armour fits poorly on your strangely shaped
                  | body. [potion of mutation]
  9010 | D:2      | Gained mutation: You are frail. (-10% HP) [potion of
                  | mutation]
  9265 | D:10     | Entered Level 10 of the Dungeon
  9334 | D:10     | Found a shimmering blue altar of Sif Muna.
  9467 | D:10     | Received a gift from Trog
  9609 | D:10     | Reached XP level 11. HP: 80/91 MP: 10/10
 10930 | D:10     | Noticed a boulder beetle
 11102 | D:10     | Noticed an orc knight
 11112 | D:10     | Killed an orc knight
 11213 | D:10     | Noticed a boulder beetle
 11241 | D:10     | Killed a boulder beetle
 11526 | D:10     | Identified the +3 quarterstaff of the Sage {heavy, rCorr
                  | Str+8 Stlth+}
 11526 | D:10     | Identified the +1 fire dragon scales "Cyera" {rPois rF++
                  | rC- Int+2}
 11526 | D:10     | Noticed an orc knight
 11529 | D:10     | Noticed a boulder beetle
 11536 | D:10     | Killed an orc knight
 11548 | D:10     | Killed a boulder beetle
 11801 | D:10     | Identified the staff of air "Xanetil" {rElec rPois}
 12094 | D:11     | Noticed a green ugly thing
 12100 | D:11     | Killed a green ugly thing
 12118 | D:11     | Identified the +10 mace "Ukalaux" {speed, rPois Dex+4}
 12146 | D:11     | Reached XP level 12. HP: 76/104 MP: 3/11
 12883 | D:11     | Found a staircase to the Orcish Mines.
 13183 | D:11     | Found a blossoming altar of Fedhas.
 13901 | D:12     | Identified the +5 flail "Killer Bee's Peril" {flame, rPois
                  | rCorr Int-2}
 13949 | D:12     | Noticed Frances
 13955 | D:12     | Killed Frances
 14046 | D:12     | Reached skill level 15 in Fighting
 14834 | D:13     | Noticed a centaur warrior
 14841 | D:13     | Killed a centaur warrior
 15231 | D:13     | Reached skill level 5 in Dodging
 15542 | D:13     | Noticed a two-headed ogre
 15548 | D:13     | Killed a two-headed ogre
 15549 | D:13     | Reached skill level 15 in Axes
 15774 | D:13     | Found Lerabb's Jewellery Boutique.
 16337 | D:14     | Noticed a centaur warrior
 16337 | D:14     | Noticed a tengu warrior
 16400 | D:14     | Noticed a centaur warrior
 16411 | D:14     | Killed a centaur warrior
 16460 | D:14     | Killed a centaur warrior
 16461 | D:14     | Reached XP level 13. HP: 69/113 MP: 4/12
 16832 | D:14     | Noticed an ironbound preserver
 17090 | D:13     | Killed an ironbound preserver
 17293 | D:14     | Noticed Azrael
 17419 | D:14     | HP: 7/169 [white ugly thing (52)]
 17420 | D:14     | HP: 1/169 [Azrael/+1 scimitar of flaming (5)]
 17424 | D:14     | Killed Azrael
 17425 | D:14     | Reached skill level 16 in Axes
 18192 | D:14     | Found a gate to the Vaults.
 18305 | D:15     | Entered Level 15 of the Dungeon
 18642 | D:15     | Found an iron altar of Okawaru.
 18924 | D:15     | Reached skill level 17 in Axes
 18951 | D:15     | Received a gift from Trog
 19139 | D:15     | Reached skill level 10 in Dodging
 19779 | D:15     | Noticed a purple very ugly thing
 19781 | D:15     | Found a staircase to the Depths.
 19787 | D:15     | Killed a purple very ugly thing
 19795 | D:15     | Reached XP level 14. HP: 121/121 MP: 13/13
 19978 | Orc:1    | Entered Level 1 of the Orcish Mines
 19978 | Orc:1    | Noticed an orc warlord
 19995 | Orc:1    | Killed an orc warlord
 20193 | Orc:2    | Entered Level 2 of the Orcish Mines
 20200 | Orc:2    | Reached skill level 18 in Axes
 20201 | Orc:2    | Paralysed by an orc sorcerer for 3 turns
 20221 | Orc:2    | Found Citwyuth's Book Boutique.
 20221 | Orc:2    | Found Vics's Distillery.
 20221 | Orc:2    | Found Gerphemyl's Distillery.
 20221 | Orc:2    | Found Jujo's Assorted Antiques.
 20262 | Orc:2    | Paralysed by something for 4 turns
 20265 | Orc:2    | HP: 5/121 [two-headed ogre/+0 giant club (16)]
 20270 | Orc:1    | Found a frozen archway.
 20283 | IceCv    | Entered an ice cave
 20670 | IceCv    | HP: 5/121 [ice statue/shard of ice (8)]
 20968 | IceCv    | HP: 1/121 [something (17)]
 20968 | IceCv    | Slain by an ice beast

Illustrated notes

Levels and vault maps discovered:
D:1:      dpeg_arrival_erosion, layout_basic,
          hellmonk_ecumenical_altar_defaced_shrine, kennysheep_flooded_box,
          dk_noncrumbling_3
D:2:      layout_basic, serial_shops, shop_scrolls,
          nicolae_shop_advertising_works [nicolae_subvault_shop_adworks],
          nicolae_shop_stone, nicolae_shop_unique_rings
D:3:      layout_basic, zin_academy, ashenzari_conservatory_becter
D:4:      kennysheep_kobold_camp, layout_loops_ring,
          nemelex_diamond_rough_becter, trog_ov_bears_minmay,
          minmay_temple_entry_purple_smoke
D:5:      layout_gridville, kennysheep_little_box, nicolae_ossuary_entry_ruins,
          serial_shops, kennysheep_mini
D:6:      layout_loops_cross, nrook_uturn, lightli_church_of_beogh, uniq_pikel
D:7:      layout_rooms, nicolae_gozag_cash_rules_everything_around_me,
          nicolae_kite_square_tiling_tiny, minmay_fountain_box
D:8:      layout_basic, minmay_lair_entry_grove
D:9:      lemuel_bear_cage, layout_basic, lemuel_doored_altar, serial_glass,
          glass_columns_c, glass_columns_b, kennysheep_another_room,
          statue_in_the_mist_lemuel
D:10:     minmay_the_grid_octo_tiled_octocenter [minmay_the_grid_octo_chip,
          minmay_the_grid_octo_horde, minmay_the_grid_octo_teeth,
          minmay_the_grid_octo_fat_diamond,
          minmay_the_grid_octo_prize_ultimate_mussel_roller,
          minmay_the_grid_square_5x5_n, minmay_the_grid_square_5x5_trominoes,
          minmay_the_grid_square_5x5_bridge,
          minmay_the_grid_square_5x5_one_wall], layout_layer_cave,
          mainiacjoe_overflow_brackets
D:11:     layout_loops_ring, hiddenorc1_lemuel, serial_bayou_pond_c, tgw_fedhas
D:12:     layout_loops_corners, uniq_frances
D:13:     layout_rooms, serial_shops, shop_statue
D:14:     layout_gridville, skrybe_vaults_entry_preservation,
          chequers_serial_rivers_micro_d, minivault_25, uniq_azrael
D:15:     gammafunk_enter_depths_forms, layout_irregular_city,
          okawaru_gym_becter, feat_on_display
Orc:1:    layout_caves, portal_ice_cave_entry_pillars_2, serial_shops,
          shop_fountains, guppyfry_library_mini
Orc:2:    st_orc_ogre_mass, layout_caves, enter_volcano_3
IceCv:    ice_cave_statue_garden_chambered

Skill      XL: |  1  2  3  4  5  6  7  8  9 10 11 12 13 14 |
---------------+-------------------------------------------+-----
Axes           | 4 5 7 8 9 11 14 15 17 18 | 18.2
Fighting       | 4 8 11 13 15 | 15.0
Armour         | 3 7 10 13 14 | 14.6
Dodging        | 6 10 11 | 11.6

Action                     |  1- 3 |  4- 6 |  7- 9 | 10-12 | 13-15 || total
---------------------------+-------+-------+-------+-------+-------++-------
  Melee: Hand axe          |    91 |   145 |   127 |       |       ||   363
         Headbutt          |    14 |    13 |    68 |   107 |    63 ||   265
         Punch             |     1 |     2 |     7 |     2 |       ||    12
         War axe           |       |       |   207 |   214 |       ||   421
         Executioner's axe |       |       |       |   324 |    52 ||   376
         Battleaxe         |       |       |       |       |   245 ||   245
         Scimitar          |       |       |       |       |    13 ||    13
   Fire: Sling             |       |       |       |     6 |       ||     6
 Invoke: Berserk           |       |     1 |     5 |     5 |     8 ||    19
         Trog's Hand       |       |     1 |     3 |     2 |     4 ||    10
         Brothers in Arms  |       |       |       |     1 |       ||     1
    Use: Scroll            |       |       |     4 |     9 |     8 ||    21
         Potion            |       |       |       |     7 |     2 ||     9
   Stab: Invisible         |       |       |       |       |     3 ||     3
 Armour: Animal skin       |     3 |       |       |       |       ||     3
         Ring mail         |    26 |    62 |   117 |       |       ||   205
         Plate armour      |       |       |    18 |   236 |       ||   254
         Fire dragon scale |       |       |       |   247 |   218 ||   465
  Dodge: Dodged            |    46 |    73 |   158 |   326 |   191 ||   794

Table legend: (Time is in decaauts)
 A = Elapsed time spent in this place.
 B = Non-inter-level travel time spent in this place.
 C = Inter-level travel time spent in this place.
 D = Time resting spent in this place.
 E = Time spent auto-exploring this place.
 F = Levels seen in this place.
 G = Mean time per level.
                   A        B        C        D        E       F      G
               +--------+--------+--------+--------+--------+-----+--------+
         Total |  21062 |  20202 |    860 |   6561 |  10686 |  19 | 1108.5 |
       Dungeon |  19816 |  18956 |    860 |   5654 |  10657 |  15 | 1321.1 |
  Orcish Mines |    302 |    302 |      0 |    150 |      0 |   2 |  151.0 |
       Ossuary |    266 |    266 |      0 |    155 |     15 |   1 |  266.0 |
      Ice Cave |    678 |    678 |      0 |    601 |     14 |   1 |  678.0 |
               +--------+--------+--------+--------+--------+-----+--------+

Top non-repeatable levels by time:
    D:10: 2843 daAuts
    D:13: 2065 daAuts
    D:11: 1723 daAuts
    D:15: 1542 daAuts
    D:14: 1537 daAuts
     D:6: 1444 daAuts
     D:9: 1336 daAuts
    D:12: 1130 daAuts
     D:4: 1087 daAuts
     D:5: 1040 daAuts
     D:8: 910 daAuts
     D:7: 847 daAuts
     D:1: 837 daAuts
     D:3: 798 daAuts
   IceCv: 678 daAuts
